TOP OF THE 1ST |
Minnesota (NYP) Twins batting - Pitching for Spokane Indians : RHP Masataka Kawai
|
Pitching: RHP Masataka Kawai
|
|
Batting: SHB Manny Molina
|
0-0: Called Strike 0-1: Foul Ball, location: 2F 0-2: Strikes out swinging
|
Batting: RHB David Nardone
|
0-0: Ball 1-0: Swinging Strike 1-1: Ball 2-1: Ground out 6-3 (Groundball, 6, EV 96.2 MPH)
|
Batting: RHB Michael McDonald
|
0-0: Called Strike 0-1: Ball 1-1: SINGLE (Groundball, 6D, EV 97.5 MPH)
|
Batting: SHB Chris Hull
|
0-0: Fly out, F6 (Popup, 15S, EV 93.1 MPH)
|
Top of the 1st over - 0 runs, 1 hit, 0 errors, 1 left on base; Minnesota (NYP) 0 - Spokane 0 |
BOTTOM OF THE 1ST |
Spokane Indians batting - Pitching for Minnesota (NYP) Twins : RHP Regan Kalinski
|
Pitching: RHP Regan Kalinski
|
|
Batting: RHB Luke Stark
|
0-0: Ball 1-0: Called Strike 1-1: Ball 2-1: Foul Ball, location: 2F 2-2: Ball 3-2: Foul Ball, location: 2F 3-2: Ground out 4-3 (Groundball, 4, EV 80.6 MPH)
|
Batting: RHB Casey Nelligan
|
0-0: DOUBLE (Line Drive, 7LS, EV 108.1 MPH)
|
Batting: LHB Nick Foutz
|
0-0: Ball 1-0: Called Strike 1-1: Swinging Strike 1-2: Ground out U3 (Groundball, 3, EV 95.6 MPH) Casey Nelligan to third
|
Batting: RHB Chad Manning
|
0-0: Ball 1-0: Fly out, F8 (Flyball, 89M, EV 90.6 MPH)
|
Bottom of the 1st over - 0 runs, 1 hit, 0 errors, 1 left on base; Minnesota (NYP) 0 - Spokane 0 |
TOP OF THE 2ND |
Minnesota (NYP) Twins batting - Pitching for Spokane Indians : RHP Masataka Kawai
|
Batting: RHB Leo Gonzalez
|
0-0: Ball 1-0: Called Strike 1-1: Swinging Strike 1-2: Strikes out swinging
|
Batting: RHB Nick Phipps
|
0-0: Ball 1-0: Ball 2-0: Ball 3-0: Called Strike 3-1: Foul Ball, location: 2F 3-2: Foul Ball, location: 2F 3-2: Foul Ball, location: 2F 3-2: Strikes out swinging
|
Batting: RHB Rick Kendall
|
0-0: Ball 1-0: Ball 2-0: Called Strike 2-1: Foul Ball, location: 2F 2-2: Foul Ball, location: 2F 2-2: Foul Ball, location: 2F 2-2: Strikes out swinging
|
Top of the 2nd over - 0 runs, 0 hits, 0 errors, 0 left on base; Minnesota (NYP) 0 - Spokane 0 |
BOTTOM OF THE 2ND |
Spokane Indians batting - Pitching for Minnesota (NYP) Twins : RHP Regan Kalinski
|
Batting: LHB Paul Perry
|
0-0: Ball 1-0: Called Strike 1-1: Ground out U3 (Groundball, 3, EV 82.5 MPH)
|
Batting: RHB Josh Ferguson
|
0-0: SINGLE (Line Drive, 56, EV 106.9 MPH)
|
Batting: RHB Luis Reyna
|
0-0: Ball Josh Ferguson steals 2nd base 1-0: Ball 2-0: Ground out 6-3 (Groundball, 6, EV 82.5 MPH) Josh Ferguson to third
|
Batting: RHB Darnell Jones
|
0-0: Swinging Strike 0-1: Called Strike 0-2: Ball 1-2: Strikes out looking
|
Bottom of the 2nd over - 0 runs, 1 hit, 0 errors, 1 left on base; Minnesota (NYP) 0 - Spokane 0 |
TOP OF THE 3RD |
Minnesota (NYP) Twins batting - Pitching for Spokane Indians : RHP Masataka Kawai
|
Batting: RHB Antonio Santos
|
0-0: Fly out, F3 (Popup, 3S, EV 70.6 MPH)
|
Batting: LHB Antonio Gutierrez
|
0-0: Foul Ball, location: 2F 0-1: Ball 1-1: Ground out 6-3 (Groundball, 6, EV 85.6 MPH)
|
Batting: SHB Manny Molina
|
0-0: Called Strike 0-1: Ball 1-1: Foul Ball, location: 2F 1-2: Ground out U3 (Groundball, 34S, EV 87.5 MPH)
|
Top of the 3rd over - 0 runs, 0 hits, 0 errors, 0 left on base; Minnesota (NYP) 0 - Spokane 0 |
BOTTOM OF THE 3RD |
Spokane Indians batting - Pitching for Minnesota (NYP) Twins : RHP Regan Kalinski
|
Batting: RHB Herb Craig
|
0-0: Ground out 6-3 (Groundball, 6, EV 88.8 MPH)
|
Batting: RHB Luke Stark
|
0-0: Called Strike 0-1: Ball 1-1: Ball 2-1: Foul Ball, location: 2F 2-2: Foul Ball, location: 2F 2-2: Strikes out swinging
|
Batting: RHB Casey Nelligan
|
0-0: Ball 1-0: Fly out, F7 (Flyball, 7, EV 83.8 MPH)
|
Bottom of the 3rd over - 0 runs, 0 hits, 0 errors, 0 left on base; Minnesota (NYP) 0 - Spokane 0 |
TOP OF THE 4TH |
Minnesota (NYP) Twins batting - Pitching for Spokane Indians : RHP Masataka Kawai
|
Batting: RHB David Nardone
|
0-0: Ground out 5-3 (Groundball, 56S, EV 88.8 MPH)
|
Batting: RHB Michael McDonald
|
0-0: Ball 1-0: Called Strike 1-1: Called Strike 1-2: Foul Ball, location: 2F 1-2: Ground out 6-3 (Groundball, 56, EV 82.5 MPH)
|
Batting: SHB Chris Hull
|
0-0: Swinging Strike 0-1: Called Strike 0-2: Ball 1-2: Ball 2-2: Strikes out swinging, 2-3 out at first.
|
Top of the 4th over - 0 runs, 0 hits, 0 errors, 0 left on base; Minnesota (NYP) 0 - Spokane 0 |
BOTTOM OF THE 4TH |
Spokane Indians batting - Pitching for Minnesota (NYP) Twins : RHP Regan Kalinski
|
Batting: LHB Nick Foutz
|
0-0: Called Strike 0-1: Swinging Strike 0-2: Ball 1-2: Strikes out swinging
|
Batting: RHB Chad Manning
|
0-0: Ball 1-0: Ball 2-0: Foul Ball, location: 2F 2-1: Foul Ball, location: 2F 2-2: Strikes out looking
|
Batting: LHB Paul Perry
|
0-0: SOLO HOME RUN (Flyball, 89XD, EV 103.8 MPH), Distance : 422 ft
|
Batting: RHB Josh Ferguson
|
0-0: Swinging Strike 0-1: Foul Ball, location: 2F 0-2: Strikes out swinging
|
Bottom of the 4th over - 1 run, 1 hit, 0 errors, 0 left on base; Minnesota (NYP) 0 - Spokane 1 |
TOP OF THE 5TH |
Minnesota (NYP) Twins batting - Pitching for Spokane Indians : RHP Masataka Kawai
|
Batting: RHB Leo Gonzalez
|
0-0: Ball 1-0: Ball 2-0: Ball 3-0: Foul Ball, location: 2F 3-1: Called Strike 3-2: Fly out, F8 (Flyball, 8RXD, EV 88.1 MPH)
|
Batting: RHB Nick Phipps
|
0-0: Called Strike 0-1: Ball 1-1: Ball 2-1: Swinging Strike 2-2: Ball 3-2: Foul Ball, location: 2F 3-2: Base on Balls
|
Batting: RHB Rick Kendall
|
0-0: Ball 1-0: Called Strike Nick Phipps steals 2nd base (no throw) 1-1: Ball 2-1: Swinging Strike 2-2: Ball 3-2: Base on Balls
|
Batting: RHB Antonio Santos
|
0-0: Ball 1-0: Called Strike 1-1: Foul Ball, location: 2F 1-2: Ball 2-2: Ball 3-2: Grounds into double play, 4-6-3 (Groundball, 4MD, EV 88.1 MPH)
|
Top of the 5th over - 0 runs, 0 hits, 0 errors, 1 left on base; Minnesota (NYP) 0 - Spokane 1 |
BOTTOM OF THE 5TH |
Spokane Indians batting - Pitching for Minnesota (NYP) Twins : RHP Regan Kalinski
|
Batting: RHB Luis Reyna
|
0-0: Ground out 5-3 (Groundball, 56S, EV 67.5 MPH)
|
Batting: RHB Darnell Jones
|
0-0: Ball 1-0: Ball 2-0: Ball 3-0: Called Strike 3-1: Foul Ball, location: 2F 3-2: Foul Ball, location: 2F 3-2: Foul Ball, location: 2F 3-2: Strikes out swinging
|
Batting: RHB Herb Craig
|
0-0: Called Strike 0-1: Swinging Strike 0-2: Ball 1-2: Ball 2-2: Strikes out looking
|
Bottom of the 5th over - 0 runs, 0 hits, 0 errors, 0 left on base; Minnesota (NYP) 0 - Spokane 1 |
TOP OF THE 6TH |
Minnesota (NYP) Twins batting - Pitching for Spokane Indians : RHP Masataka Kawai
|
Batting: LHB Antonio Gutierrez
|
0-0: Ball 1-0: Foul Ball, location: 2F 1-1: Swinging Strike 1-2: Foul Ball, location: 2F 1-2: Strikes out swinging
|
Batting: SHB Manny Molina
|
0-0: Foul Ball, location: 2F 0-1: Swinging Strike 0-2: Strikes out swinging, 2-3 out at first.
|
Batting: RHB David Nardone
|
0-0: Ground out 4-3 (Groundball, 4, EV 86.2 MPH)
|
Top of the 6th over - 0 runs, 0 hits, 0 errors, 0 left on base; Minnesota (NYP) 0 - Spokane 1 |
BOTTOM OF THE 6TH |
Spokane Indians batting - Pitching for Minnesota (NYP) Twins : RHP Regan Kalinski
|
Batting: RHB Luke Stark
|
0-0: Ball 1-0: DOUBLE (Groundball, 3L, EV 105.6 MPH)
|
Batting: RHB Casey Nelligan
|
0-0: Called Strike 0-1: Ball 1-1: Foul Ball, location: 2F 1-2: Ball 2-2: 2-RUN HOME RUN (Flyball, 78XD, EV 100.0 MPH), Distance : 386 ft
|
Batting: LHB Nick Foutz
|
0-0: Ball 1-0: DOUBLE (Flyball, 7LD, EV 105.0 MPH)
|
Batting: RHB Chad Manning
|
0-0: Called Strike Nick Foutz steals 3rd base 0-1: Ball 1-1: Foul Ball, location: 2F 1-2: Ball 2-2: Ball 3-2: Fly out, F8 (Flyball, 8LD, EV 95.6 MPH) Runner from 3rd tags up, SCORES, throw by CF
|
Batting: LHB Paul Perry
|
0-0: Called Strike 0-1: Called Strike 0-2: Ball 1-2: Ball 2-2: Ball 3-2: Strikes out swinging
|
Batting: RHB Josh Ferguson
|
0-0: Ball 1-0: Called Strike 1-1: Swinging Strike 1-2: Foul Ball, location: 2F 1-2: Ball 2-2: Reached on error, E5 (Groundball, 56S, EV 62.5 MPH)
|
Batting: RHB Luis Reyna
|
0-0: Fly out, F8 (Flyball, 8RD, EV 89.4 MPH)
|
Bottom of the 6th over - 3 runs, 3 hits, 1 error, 1 left on base; Minnesota (NYP) 0 - Spokane 4 |
TOP OF THE 7TH |
Minnesota (NYP) Twins batting - Pitching for Spokane Indians : RHP Masataka Kawai
|
Now at 1B: Herb Craig
|
|
Now at 3B: Sal Espinosa
|
|
Now in CF: Casper Kersten
|
|
Batting: RHB Michael McDonald
|
0-0: Called Strike 0-1: Ball 1-1: Fly out, F4 (Popup, 4S, EV 67.5 MPH)
|
Batting: SHB Chris Hull
|
0-0: Ball 1-0: Ball 2-0: Swinging Strike 2-1: Called Strike 2-2: Ball 3-2: Strikes out swinging
|
Batting: RHB Leo Gonzalez
|
0-0: Foul Ball, location: 2F 0-1: Ball 1-1: Swinging Strike 1-2: Ball 2-2: DOUBLE (Groundball, 5L, EV 95.6 MPH)
|
Batting: RHB Nick Phipps
|
0-0: Foul Ball, location: 2F 0-1: Ball 1-1: Swinging Strike 1-2: Foul Ball, location: 2F 1-2: Strikes out swinging
|
Top of the 7th over - 0 runs, 1 hit, 0 errors, 1 left on base; Minnesota (NYP) 0 - Spokane 4 |
BOTTOM OF THE 7TH |
Spokane Indians batting - Pitching for Minnesota (NYP) Twins : RHP Regan Kalinski
|
Batting: RHB Darnell Jones
|
0-0: Called Strike 0-1: Ball 1-1: Swinging Strike 1-2: Strikes out looking
|
Batting: RHB Herb Craig
|
0-0: Swinging Strike 0-1: Swinging Strike 0-2: Ball 1-2: Strikes out looking
|
Batting: RHB Luke Stark
|
0-0: Ball 1-0: Ball 2-0: Ball 3-0: Base on Balls
|
Batting: RHB Casey Nelligan
|
0-0: Called Strike Luke Stark steals 2nd base (no throw) 0-1: Foul Ball, location: 2F 0-2: Ball Passed Ball! Luke Stark to third 1-2: Foul Ball, location: 2F 1-2: Foul Ball, location: 2F 1-2: Ball 2-2: Strikes out swinging
|
Bottom of the 7th over - 0 runs, 0 hits, 0 errors, 1 left on base; Minnesota (NYP) 0 - Spokane 4 |
TOP OF THE 8TH |
Minnesota (NYP) Twins batting - Pitching for Spokane Indians : RHP Masataka Kawai
|
Pitching: RHP Davion Jones
|
|
Now in RF: Dave Doughty
|
|
Batting: RHB Rick Kendall
|
0-0: Called Strike 0-1: Called Strike 0-2: Foul Ball, location: 2F 0-2: Strikes out swinging
|
Pinch Hitting: LHB Kuemon Shishido
|
0-0: Called Strike 0-1: Ball 1-1: SINGLE (Line Drive, 9LS, EV 112.5 MPH)
|
Batting: LHB Antonio Gutierrez
|
0-0: Ball 1-0: Called Strike 1-1: Ball 2-1: Swinging Strike 2-2: Strikes out looking
|
Batting: SHB Manny Molina
|
0-0: Called Strike 0-1: Ball 1-1: Called Strike 1-2: Strikes out looking
|
Top of the 8th over - 0 runs, 1 hit, 0 errors, 1 left on base; Minnesota (NYP) 0 - Spokane 4 |
BOTTOM OF THE 8TH |
Spokane Indians batting - Pitching for Minnesota (NYP) Twins : RHP Regan Kalinski
|
Pitching: RHP Willie Romero
|
|
Now at 3B: Steve Raine
|
|
Batting: LHB Nick Foutz
|
0-0: Ball 1-0: Called Strike 1-1: Called Strike 1-2: Ground out 4-3 (Groundball, 34D, EV 88.1 MPH)
|
Batting: RHB Chad Manning
|
0-0: Ball 1-0: Ball 2-0: Ball 3-0: Called Strike 3-1: Base on Balls
|
Batting: LHB Casper Kersten
|
0-0: DOUBLE (Line Drive, 78D, EV 112.5 MPH) Chad Manning to third
|
Batting: RHB Josh Ferguson
|
0-0: Called Strike 0-1: Called Strike 0-2: Foul Ball, location: 2F 0-2: Ball 1-2: Ball 2-2: Strikes out swinging
|
Batting: RHB Sal Espinosa
|
0-0: Ball 1-0: Ball 2-0: Called Strike 2-1: Called Strike 2-2: Ball 3-2: Foul Ball, location: 2F 3-2: Ground out 6-3 (Groundball, 6M, EV 106.9 MPH)
|
Bottom of the 8th over - 0 runs, 1 hit, 0 errors, 2 left on base; Minnesota (NYP) 0 - Spokane 4 |
TOP OF THE 9TH |
Minnesota (NYP) Twins batting - Pitching for Spokane Indians : RHP Davion Jones
|
Batting: RHB David Nardone
|
0-0: Ball 1-0: Swinging Strike 1-1: Ball 2-1: Ground out 1-3 (Groundball, 13, EV 66.9 MPH)
|
Batting: RHB Michael McDonald
|
0-0: Ball 1-0: Ball 2-0: Ball 3-0: Swinging Strike 3-1: Base on Balls
|
Batting: SHB Chris Hull
|
0-0: Called Strike 0-1: Called Strike 0-2: Ball 1-2: Ball 2-2: Ball 3-2: Strikes out swinging
|
Batting: RHB Leo Gonzalez
|
0-0: Called Strike 0-1: Swinging Strike 0-2: Ball 1-2: Ball 2-2: Foul Ball, location: 2F 2-2: Strikes out looking
|
Top of the 9th over - 0 runs, 0 hits, 0 errors, 1 left on base; Minnesota (NYP) 0 - Spokane 4 |
|